 Dungeon Crawl Stone Soup version 0.21-a0-404-g291f19a (webtiles) character file.

22373 Slyspawn the Fencer (level 12, -3/171 HPs)
             Began as a Deep Dwarf Berserker on Oct 29, 2017.
             Was a High Priest of Trog.
             Slain by a 14-headed hydra (9 damage)
             ... on level 12 of the Dungeon.
             The game lasted 00:53:24 (10441 turns).

Slyspawn the Fencer (Deep Dwarf Berserker)         Turns: 10441, Time: 00:53:25

Health: -3/171     AC: 18    Str: 32    XL:     12   Next: 62%
Magic:  0/0        EV: 11    Int:  7    God:    Trog [*****.]
Gold:   768        SH:  0    Dex: 12    Spells: 11/11 levels left

rFire    . . .     SeeInvis .   T - +1 demon blade (antimagic)
rCold    . . .     Gourm    .   (no shield)
rNeg     . . .     Faith    +   h - +0 chain mail
rPois    .         Spirit   .   u - +0 helmet
rElec    .         Reflect  .   H - +0 cloak
rCorr    .         Harm     .   m - +0 pair of gloves
MR       +++..     Clarity  +   t - +0 pair of boots
Stlth    ..........             j - amulet of faith
HPRegen  1.00/turn              W - +1 ring of protection
MPRegen  0.07/turn              P - ring of flight

@: berserking, non-regenerating, very quick
A: damage resistance, heal wounds, clarity, sense surroundings 2, subdued magic
1, no regeneration
a: Heal Wounds, Berserk, Trog's Hand, Brothers in Arms, Burn Spellbooks,
Renounce Religion, Evoke Flight


You were on level 12 of the Dungeon.
You worshipped Trog.
Trog was extremely pleased with you.
You were hungry.

You visited 1 branch of the dungeon, and saw 12 of its levels.

You collected 768 gold pieces.

Inventory:

Hand Weapons
 a - a +0 falchion
 i - a +0 rapier of protection
 p - a +3 great sword of holy wrath
 w - a +1 great sword
 y - a +4 great sword
 B - a +3 scimitar of flaming
 F - a +4 great sword
 T - a +1 antimagic demon blade (weapon)
Missiles
 n - 11 tomahawks of returning (quivered)
 R - 7 needles of confusion
Armour
 b - a +0 animal skin
 h - a +0 chain mail (worn)
 m - a +0 pair of gloves (worn)
 t - a +0 pair of boots (worn)
 u - a +0 helmet (worn)
 H - a +0 cloak (worn)
Jewellery
 j - an amulet of faith (around neck)
 K - a cursed ring of loudness
 P - a ring of flight (right hand)
 W - a +1 ring of protection (left hand)
Wands
 r - a wand of confusion (14/48)
 v - a wand of clouds (4/9)
 x - a wand of confusion (21/48)
 C - a wand of polymorph (0/24)
 E - a wand of lightning (9/15)
 G - a wand of clouds (4/9)
 L - a wand of confusion (38/48)
 M - a wand of iceblast (10/15)
 O - a wand of lightning (5/15)
 V - a wand of paralysis (7/24)
Scrolls
 e - a scroll of fog
 f - 3 scrolls of teleportation
 g - 2 scrolls of identify
 o - 3 scrolls of recharging
 q - a scroll of remove curse
 A - a scroll of holy word
 Q - a scroll of enchant weapon
Potions
 s - 3 potions of curing
 z - 2 potions of mutation
 J - a potion of haste
Books
 l - a book of Callings

   Spells                             Type                      Level
   a - Summon Small Mammal            Summoning                    1
   b - Call Imp                       Summoning                    2
   c - Call Canine Familiar           Summoning                    3
   d - Summon Guardian Golem          Hexes/Summoning              3
   e - Summon Lightning Spire         Summoning/Air                4
   f - Summon Ice Beast               Ice/Summoning                4
   Trog disapproves of the use of such an item.
 I - a book of Minor Magic

   Spells                             Type                      Level
   a - Magic Dart                     Conjuration                  1
   b - Blink                          Translocation                2
   c - Call Imp                       Summoning                    2
   d - Slow                           Hexes                        2
   e - Conjure Flame                  Conjuration/Fire             3
   f - Mephitic Cloud                 Conjuration/Poison/Air       3
   Trog disapproves of the use of such an item.
 S - a book of Maledictions

   Spells                             Type                      Level
   a - Corona                         Hexes                        1
   b - Ensorcelled Hibernation        Hexes/Ice                    2
   c - Confuse                        Hexes                        3
   d - Tukima's Dance                 Hexes                        3
   e - Dazzling Spray                 Conjuration/Hexes            3
   Trog disapproves of the use of such an item.
Miscellaneous
 U - a box of beasts
Comestibles
 c - 5 bread rations
 d - 14 royal jellies
 k - 7 meat rations
 N - 2 fruits


   Skills:
 + Level 9.3 Fighting
 + Level 15.6 Long Blades
 + Level 9.9 Armour
 + Level 5.0 Dodging
 + Level 3.3 Stealth


You had 11 spell levels left.
You didn't know any spells.

Dungeon Overview and Level Annotations

Branches:
Dungeon (12/15)            Temple (0/1) D:4            Lair (0/6) D:11
    Orc (0/2) D:11

Altars:
Ashenzari
Fedhas
Gozag
Hepliaklqana
Makhleb
Nemelex Xobeh
Qazlal
Ru
Trog
Wu Jian
Xom
The Shining One

Shops:
D:12 }


Innate Abilities, Weirdness & Mutations

You are resistant to damage.
You can heal yourself by infusing magical energy.
You passively map the area around you.
You do not regenerate.
You possess an exceptional clarity of mind.
Your spells are a little easier to cast, but a little less powerful.


Message History

The 12-headed hydra bites you but does no damage.
The 12-headed hydra barely misses you.
The 12-headed hydra bites you but does no damage. x4
The 12-headed hydra closely misses you.
The 12-headed hydra bites you but does no damage.
The 12-headed hydra closely misses you.
You hack one of the 12-headed hydra's heads off!
The 11-headed hydra grows two more!
You slash the 13-headed hydra!
The 13-headed hydra is severely wounded.
You chop one of the 13-headed hydra's heads off!
The 12-headed hydra grows two more!
You slash the 14-headed hydra!
The 14-headed hydra is severely wounded.
The 14-headed hydra bites you but does no damage. x4
The 14-headed hydra closely misses you. The 14-headed hydra bites you!
* * * LOW HITPOINT WARNING * * *
The 14-headed hydra bites you but does no damage. x4
The 14-headed hydra barely misses you.
The 14-headed hydra bites you but does no damage. x2
The 14-headed hydra bites you!
You die...

# #.# * , ** , #..#. #
#.# #####+##### ** *
##...
####.#####|.##.##.|#
*#...
#....#..##.)#...#).#
,* , .#>
#..#....####..#(.### ,
, .#.
##.#.##.###..###..##,,
* *.#. ...#.#...'..##
##..+ , ,*,
#.####.####..###..##,
, #... #. ##..#.@## ,
,* , #..#..., *
#...#D.# * ** *,,
####.##* * ##.##y|# ,
* . #+# ### * * * # *
, , * *, , , * * * * ,
* ,* * , * ,** * ** *,
*


You could see a 14-headed hydra and a hornet.

Vanquished Creatures
  Erolcha (D:10)
  Erica (D:8)
  4 two-headed ogres
  The ghost of dricusgp the Thaumaturge, a novice DECj of Sif Muna (D:9)
  3 skeletal warriors (D:11)
  An unseen horror (D:11)
  Pikel (D:8)
  3 ugly things
  A deep elf mage (D:11)
  2 manticores (D:11)
  Joseph (D:8)
  Psyche (D:11)
  A centaur skeleton (D:11)
  A yaktaur (D:12)
  A troll (D:12)
  A meliai (D:12)
  A slime creature (D:12)
  A wraith (D:12)
  Eustachio (D:5)
  Grum (D:9)
  10 yaks
  A steam dragon (D:11)
  A hungry ghost (D:12)
  2 water moccasins (D:8)
  A hornet zombie (D:12)
  3 orc warriors (D:11)
  A porcupine (D:11)
  A phantom (D:9)
  7 ice beasts
  4 sky beasts
  5 black bears
  A necrophage (D:11)
  A slave (D:8)
  10 ogres
  5 centaurs
  5 wolves (D:9)
  2 crocodiles
  The ghost of anet the Magician, an amateur DEWz (D:3)
  Blork the orc (D:5)
  10 bullfrogs
  5 scorpions
  16 wights
  4 killer bees (D:8)
  A howler monkey (D:7)
  An electric eel (D:9)
  4 crimson imps
  2 bullfrog zombies
  A quasit (D:10)
  3 orc priests
  11 jellies
  6 orc wizards
  A bullfrog skeleton (D:9)
  5 hounds
  A gnoll shaman (D:6)
  Terence (D:3)
  6 iguanas
  14 worker ants
  A bullfrog simulacrum (D:9)
  3 hound skeletons
  A worker ant zombie (D:10)
  16 gnolls
  A howler monkey skeleton (D:9)
  17 adders
  3 shadow imps
  3 white imps (D:9)
  An ufetubus (D:9)
  9 oozes
  An adder skeleton (D:5)
  2 worms (D:2)
  3 dart slugs
  6 leopard geckos
  28 orcs
  8 bats
  7 giant cockroaches
  8 goblins
  8 hobgoblins
  10 jackals
  4 kobolds
  7 quokkas
  6 frilled lizards
  A leopard gecko skeleton (D:6)
  A quokka simulacrum (D:9)
  7 rats
344 creatures vanquished.

Vanquished Creatures (collateral kills)
  2 two-headed ogres (D:8)
  An ogre (D:8)
3 creatures vanquished.

Vanquished Creatures (others)
  Maurice (D:8)
  A slave (D:8)
  A shadow imp (D:8)
  14 fungi (D:11)
  12 plants (D:11)
29 creatures vanquished.

Grand Total: 376 creatures vanquished

Notes
Turn   | Place    | Note
-------+----------+-------------------------------------------
     0 | D:1      | Slyspawn the Deep Dwarf Berserker began the quest for the Orb.
     0 | D:1      | Reached XP level 1. HP: 20/20 MP: 1/1
   279 | D:1      | Reached XP level 2. HP: 16/27 MP: 2/2
  1028 | D:2      | Reached XP level 3. HP: 34/34 MP: 3/3
  1122 | D:2      | Reached ** piety under Trog
  1178 | D:2      | Reached skill level 4 in Long Blades
  1225 | D:2      | Reached XP level 4. HP: 42/42 MP: 4/4
  1863 | D:3      | Noticed Terence
  1870 | D:3      | Killed Terence
  2042 | D:3      | Noticed anet's ghost (amateur DEWz)
  2052 | D:3      | Killed anet's ghost
  2052 | D:3      | Reached skill level 5 in Long Blades
  2052 | D:3      | Reached XP level 5. HP: 49/49 MP: 5/5
  2860 | D:4      | Found a staircase to the Ecumenical Temple.
  2912 | D:4      | Noticed an ogre
  2918 | D:4      | Killed an ogre
  2918 | D:4      | Reached *** piety under Trog
  2918 | D:4      | Reached XP level 6. HP: 57/57 MP: 6/6
  3005 | D:4      | Found a sacrificial altar of Ru.
  3359 | D:4      | Found a stormy altar of Qazlal.
  3594 | D:5      | Entered Level 5 of the Dungeon
  3594 | D:5      | Noticed Blork the orc
  3641 | D:5      | Killed Blork the orc
  3641 | D:5      | Reached skill level 6 in Long Blades
  3689 | D:5      | Noticed Eustachio
  3700 | D:5      | Killed Eustachio
  3700 | D:5      | Reached XP level 7. HP: 64/64 MP: 7/7
  3793 | D:5      | Found a hazy altar of Hepliaklqana.
  3904 | D:5      | Reached skill level 7 in Long Blades
  4065 | D:5      | Reached **** piety under Trog
  4140 | D:5      | Reached XP level 8. HP: 72/72 MP: 7/7
  4216 | D:5      | Reached skill level 8 in Long Blades
  4294 | D:5      | Reached skill level 5 in Armour
  4807 | D:6      | Found an ornate altar of the Wu Jian Council.
  4843 | D:6      | Reached skill level 9 in Long Blades
  4843 | D:6      | Reached skill level 1 in Stealth
  4956 | D:6      | Found a glowing golden altar of the Shining One.
  4957 | D:6      | Found an opulent altar of Gozag.
  5536 | D:6      | Gained mutation: You passively map the area around you. [Deep Dwarf growth]
  5536 | D:6      | Reached XP level 9. HP: 59/79 MP: 7/7
  5804 | D:6      | Reached skill level 10 in Long Blades
  5921 | D:7      | Received a gift from Trog
  6212 | D:7      | Reached skill level 5 in Fighting
  6304 | D:7      | Reached skill level 11 in Long Blades
  6467 | D:8      | Reached ***** piety under Trog
  6736 | D:8      | Noticed a two-headed ogre
  6742 | D:8      | Killed a two-headed ogre
  6742 | D:8      | Reached XP level 10. HP: 91/91 MP: 6/6
  6799 | D:8      | Noticed Joseph
  6804 | D:8      | Noticed a two-headed ogre
  6805 | D:8      | Killed Joseph
  6808 | D:8      | Noticed a two-headed ogre
  6811 | D:8      | Noticed Erica
  6815 | D:8      | Reached skill level 12 in Long Blades
  6815 | D:8      | HP: 4/91 [something/bolt of poison (31)]
  6816 | D:8      | Killed a two-headed ogre
  6816 | D:8      | Killed a two-headed ogre
  6817 | D:8      | HP: 1/92 [something/bolt of poison (17)]
  6836 | D:8      | Killed Erica
  6924 | D:8      | Noticed Pikel
  6957 | D:8      | Killed Pikel
  6957 | D:8      | Reached skill level 13 in Long Blades
  7026 | D:8      | Noticed Maurice
  7035 | D:8      | Killed Maurice
  7079 | D:8      | Noticed a two-headed ogre
  7093 | D:8      | Killed a two-headed ogre
  7093 | D:8      | Reached XP level 11. HP: 79/100 MP: 3/3
  7444 | D:9      | Noticed a two-headed ogre
  7449 | D:9      | Killed a two-headed ogre
  7640 | D:9      | Noticed dricusgp's ghost (novice DECj)
  7668 | D:10     | Entered Level 10 of the Dungeon
  7690 | D:9      | Killed dricusgp's ghost
  7866 | D:9      | Found a shattered altar of Ashenzari.
  7867 | D:9      | Found a burning altar of Makhleb.
  7869 | D:9      | Found a bloodstained altar of Trog.
  7882 | D:9      | Found a blossoming altar of Fedhas.
  7882 | D:9      | Found a shimmering altar of Xom.
  7897 | D:9      | Noticed Grum
  7898 | D:9      | Reached skill level 14 in Long Blades
  7911 | D:9      | Killed Grum
  8040 | D:9      | Found a sparkling altar of Nemelex Xobeh.
  8837 | D:10     | Noticed Erolcha
  8847 | D:10     | Killed Erolcha
  9230 | D:10     | Received a gift from Trog
  9264 | D:10     | Gained mutation: Your spells are a little easier to cast, but a little less powerful. [potion of mutation]
  9264 | D:10     | Gained mutation: You possess an exceptional clarity of mind. [potion of mutation]
  9276 | D:11     | Noticed Psyche
  9281 | D:11     | Killed Psyche
  9394 | D:11     | Killed an unseen horror
  9477 | D:11     | Noticed a white ugly thing
  9478 | D:11     | Noticed a brown ugly thing
  9481 | D:11     | Killed a white ugly thing
  9486 | D:11     | Killed a brown ugly thing
  9515 | D:11     | Reached XP level 12. HP: 43/112 MP: 1/1
  9598 | D:11     | Noticed a two-headed ogre
  9607 | D:11     | Killed a two-headed ogre
  9675 | D:11     | Found a staircase to the Orcish Mines.
  9709 | D:11     | Reached skill level 15 in Long Blades
  9800 | D:11     | Reached skill level 5 in Dodging
  9952 | D:11     | Received a gift from Trog
  9957 | D:11     | Found a staircase to the Lair.
 10209 | D:12     | Found Neoptip's Gadget Shoppe.
 10433 | D:12     | Noticed an eight-headed hydra
 10441 | D:12     | HP: 6/171 [14-headed hydra (7)]
 10441 | D:12     | Slain by a 14-headed hydra

Vault maps used:
D:1:      nicolae_arrival_somewhat_less_tricky_arrival, minivault_23
D:2:      first_bread, minmay_pentomino_w4
D:3:      uniq_terence
D:4:      nicolae_qazlal_eye_of_the_storm, minmay_temple_entry_glassed_door,
          nicolae_ru_awakened_eye
D:5:      old_standard_altar, uniq_blork_the_orc, uniq_eustachio
D:6:      nicolae_gozag_seed_capital, tso_metal_star, basic_altar
D:7:      item_on_display_b
D:8:      hangedman_little_slice_of_home, uniq_pikel, uniq_maurice, uniq_joseph,
          uniq_erica
D:9:      grunt_temple_overflow_open, serial_ice, serial_ice_m, serial_ice_b,
          serial_ice_f, serial_ice_e, nemelex_xobeh_ov_fountains_minmay,
          uniq_grum
D:10:     uniq_erolcha
D:11:     grunt_lair_entry_orc_guard_hut, uniq_psyche
D:12:     minmay_the_grid_plus_closed, serial_shops, shop_statue,
          minmay_fountain_box

Skill      XL: |  1  2  3  4  5  6  7  8  9 10 11 12 |
---------------+-------------------------------------+-----
Fighting       | 3 4 6 7 8 9 |  9.3
Long Blades    | 4 5 6 7 9 11 13 14 15 | 15.6
Armour         | 3 4 5 6 7 8 9 |  9.9
Dodging        | 3 4 5 |  5.0
Stealth        | 2 3 |  3.3

Action                   |  1- 3 |  4- 6 |  7- 9 | 10-12 || total
-------------------------+-------+-------+-------+-------++-------
Melee: Falchion          |    74 |   169 |   445 |       ||   688
       Great sword       |       |       |    55 |   418 ||   473
       Demon blade       |       |       |       |    81 ||    81
Invok: Berserk           |     2 |     5 |     9 |    14 ||    30
       Trog's Hand       |       |       |       |     9 ||     9
       Brothers in Arms  |       |       |       |     1 ||     1
 Abil: Heal Wounds       |     2 |     1 |    17 |    29 ||    49
  Use: Scroll            |       |     7 |     6 |     9 ||    22
       Potion            |       |     6 |     2 |     3 ||    11
  Eat: Chunk             |     3 |     9 |    17 |    28 ||    57
       Bread ration      |       |     1 |       |     1 ||     2
Armor: Animal skin       |     5 |       |       |       ||     5
       Chain mail        |    33 |   100 |   239 |   377 ||   749
Dodge: Dodged            |    41 |    69 |   237 |   292 ||   639
       Rpst.: Falchion   |    11 |    23 |    65 |       ||    99
       Great sword       |       |       |    10 |    64 ||    74
       Demon blade       |       |       |       |     9 ||     9

Table legend:
 A = Spawn XP
 B = Non-spawn XP
 C = Spawn XP percentage of total XP
 D = Spawn monster count
 E = Non-spawn monster count
 F = Spawn count percentage of total count
 G = Total turns spent on level
                    A         B        C        D         E        F      G
               +---------+---------+-------+---------+---------+-------+---------
         Total |       0 |   31962 |   0.0 |       0 |     348 |   0.0 | 10441
               +---------+---------+-------+---------+---------+-------+---------
           D:1 |       0 |      35 |   0.0 |       0 |      20 |   0.0 |   980
           D:2 |       0 |     100 |   0.0 |       0 |      22 |   0.0 |   823
           D:3 |       0 |     229 |   0.0 |       0 |      21 |   0.0 |  1018
           D:4 |       0 |     170 |   0.0 |       0 |      15 |   0.0 |   809
           D:5 |       0 |    1277 |   0.0 |       0 |      41 |   0.0 |  1077
           D:6 |       0 |    1145 |   0.0 |       0 |      27 |   0.0 |  1200
           D:7 |       0 |    1365 |   0.0 |       0 |      22 |   0.0 |   528
           D:8 |       0 |    7583 |   0.0 |       0 |      56 |   0.0 |   809
           D:9 |       0 |    4773 |   0.0 |       0 |      42 |   0.0 |  1228
          D:10 |       0 |    2506 |   0.0 |       0 |      20 |   0.0 |   804
          D:11 |       0 |   10221 |   0.0 |       0 |      49 |   0.0 |   924
          D:12 |       0 |    2558 |   0.0 |       0 |      13 |   0.0 |   241
               +---------+---------+-------+---------+---------+-------+---------
